 Dungeon Crawl Stone Soup version 0.27-a0-869-g165b36e3f0 (webtiles) character file.

Game seed: 1267149949817209582

9523 robertstho the Protected (level 11, -2/101 HPs)
             Began as a Minotaur Delver on Apr 2, 2021.
             Was a High Priest of the Shining One.
             Slain by a tengu warrior
             ... wielding a +4 vorpal quarterstaff
              (15 damage)
             ... on level 10 of the Dungeon.
             The game lasted 00:16:44 (12987 turns).

robertstho the Protected (Minotaur Delver)         Turns: 12987, Time: 00:16:48

Health: -2/101     AC: 16    Str: 19    XL:     11   Next: 24%
Magic:  6/14       EV:  7    Int:  7    God:    the Shining One [*****.]
Gold:   427        SH: 10    Dex: 13    Spells: 10/10 levels left

rFire    . . .     SeeInvis .   q - +1 hand axe (venom)
rCold    + . .     Faith    .   k - +0 kite shield
rNeg     + + +     Spirit   .   A - +2 chain mail {rC+}
rPois    .         Reflect  .   (helmet restricted)
rElec    .         Harm     .   (no cloak)
rCorr    .         Rampage  .   (no gloves)
Will     .....                  i - +1 pair of boots
Stlth    ..........             (no amulet)
HPRegen  0.26/turn              b - ring of positive energy
MPRegen  0.14/turn              (no ring)

@: spiked, glowing
A: horns 2, retaliatory headbutt
a: Renounce Religion, Divine Shield, Cleansing Flame, Summon Divine Warrior


You were on level 10 of the Dungeon.
You worshipped the Shining One.
The Shining One was extremely pleased with you.
You visited 1 branch of the dungeon, and saw 10 of its levels.
You also visited: Ossuary.

You collected 523 gold pieces.
You spent 96 gold pieces at shops.

Inventory:

Hand Weapons
 m - a +0 hand axe of flaming
 q - a +1 hand axe of venom (weapon)
Armour
 i - a +1 pair of boots (worn)
 k - a +0 kite shield (worn)
 A - a +2 chain mail of cold resistance (worn)
Jewellery
 b - a ring of positive energy (left hand)
Wands
 g - a wand of digging (3)
 h - a wand of mindburst (21)
 t - a wand of iceblast (11)
Scrolls
 d - 2 scrolls of magic mapping
 e - 6 scrolls of immolation
 l - 2 scrolls of holy word
 n - 2 scrolls of teleportation
 u - 2 scrolls of enchant weapon
 z - a scroll of enchant armour
Potions
 a - a potion of might
 f - 3 potions of haste
 j - 9 potions of curing
 o - 6 potions of flight
 p - a potion of ambrosia
 s - 2 potions of lignification
 w - 3 potions of attraction
 x - 2 potions of mutation


   Skills:
 * Level 10.6 Fighting
 + Level 10.3 Axes
 * Level 11.1 Armour
 + Level 4.6 Dodging
 - Level 4.1 Stealth
 + Level 5.5 Shields
 + Level 0.5 Unarmed Combat
 * Level 6.6 Invocations


You had 10 spell levels left.
You didn't know any spells.
Your spell library contained the following spells:

 Spells                   Type           Power      Damage    Failure   Level
 Animate Skeleton         Necr           0%         N/A       100%        1
 Apportation              Tloc           0%         N/A       100%        1
 Corona                   Hex            0%         N/A       100%        1
 Magic Dart               Conj           0%         1d3       100%        1
 Summon Small Mammal      Summ           0%         N/A       100%        1
 Blink                    Tloc           N/A        N/A       100%        2
 Call Imp                 Summ           0%         N/A       100%        2
 Slow                     Hex            0%         N/A       100%        2
 Call Canine Familiar     Summ           0%         N/A       100%        3
 Conjure Flame            Conj/Fire      0%         6-21      100%        3
 Mephitic Cloud           Conj/Pois/Air  0%         N/A       100%        3
 Summon Guardian Golem    Hex/Summ       0%         N/A       100%        3
 Summon Ice Beast         Ice/Summ       0%         N/A       100%        4
 Summon Lightning Spire   Summ/Air       0%         N/A       100%        4


Dungeon Overview and Level Annotations

Branches:
Dungeon (10/15)            Temple (0/1) D:4         Ossuary (visited)
   Lair: D:8-11         Orc: D:9-12

Altars:
Ashenzari
Cheibriados
Gozag
Hepliaklqana
Kikubaaqudgha
Trog
Zin
The Shining One

Shops:
D:8 (


Innate Abilities, Weirdness & Mutations

You have a pair of horns on your head.
You reflexively headbutt those who attack you in melee.


Message History

The cyclops shouts!
A dream sheep comes into view.
The dream sheep bleats!
A harpy comes into view.
A basilisk comes into view.
A manticore comes into view.
The manticore flicks its tail.
The volley of spikes hits you!
The barbed spikes become lodged in your body.
A manticore comes into view.
A centaur warrior comes into view.
A deep elf pyromancer comes into view. It is wielding a +0 dagger.
Found thirteen items.
Found an escape hatch in the ceiling and two escape hatches in the floor.
As you read the scroll of fog, it crumbles to dust.
The scroll dissolves into smoke.
The harpy claws you!
* * * LOW HITPOINT WARNING * * *
The harpy claws you.
* * * LOW HITPOINT WARNING * * *
The manticore flicks its tail.
The volley of spikes hits you!
The barbed spikes become lodged in your body.
* * * LOW HITPOINT WARNING * * *
The dream sheep ruffles its wool and motes of dream dust sparkle, to no effect.
The slime creature jiggles.
The tengu warrior hits you with a +4 vorpal quarterstaff.
* * * LOW HITPOINT WARNING * * *
x2 The tengu warrior pecks you but does no damage.
The tengu warrior barely misses you.
You feel much better. The harpy claws you!
* * * LOW HITPOINT WARNING * * *
You block the harpy's attack.
The centaur warrior wields a +0 shortbow.
The centaur warrior shoots an arrow.
The arrow completely misses you.
The manticore flicks its tail.
The volley of spikes hits you but does no damage.
You block the manticore's attack.
The manticore claws you but does no damage.
The manticore claws you.
* * * LOW HITPOINT WARNING * * *
The tengu warrior hits you with a +4 vorpal quarterstaff!
You die...

......
.##.........
......
.##########
......
.#<......>#
>.....
#....Y.$.#
#.$|?.[.$#
#$.?cc$C.#
#.$elJ(.$#
#$.§QHH$.#
#.$H§@§.$#
#>.§§§§§<#
..##########.#
. .#


You could see a slime creature, a tengu warrior, 2 centaur warriors, 2
manticores, a cyclops, a deep elf pyromancer, a harpy, a basilisk and a dream
sheep.

Vanquished Creatures
  A hydra (D:7)
  A two-headed ogre (D:9)
  Pikel (D:7)
  A komodo dragon (D:10)
  A hornet (D:8)
  A slime creature (D:10)
  A vampire (D:10)
  6 yaks (D:10)
  A wraith (D:8)
  2 wyverns
  Eustachio (D:4)
  Grum (D:8)
  Duvessa (D:7)
  2 water moccasins
  A sky beast (D:6)
  3 orc warriors
  2 ice beasts
  3 black bears
  3 necrophages
  An ogre (D:5)
  2 wolves (D:8)
  A centaur (D:6)
  3 lemures (D:7)
  4 kobold brigands
  Blork the orc (D:5)
  5 bullfrogs
  3 gnoll sergeants
  3 wyvern zombies
  3 scorpions
  Dowan (D:7)
  A water moccasin zombie (D:5)
  6 killer bees (D:8)
  5 wights
  2 howler monkeys (D:4)
  A crimson imp (D:2)
  3 human zombies
  A bullfrog zombie (D:6)
  4 jellies
  7 centaur zombies
  4 orc priests
  4 hounds
  A centaur skeleton (D:7)
  2 bullfrog skeletons
  2 iguanas
  5 orc wizards
  3 killer bee zombies
  A hound skeleton (D:4)
  5 mummies
  3 howler monkey zombies
  7 gnolls
  12 adders
  3 shadow imps
  A white imp (D:7)
  A worm (D:4)
  A dart slug (D:3)
  31 orcs
  2 bats (D:2)
  10 endoplasms
  5 giant cockroaches
  5 goblins
  8 hobgoblins
  2 jackals (D:5)
  2 quokkas (D:1)
  12 ball pythons
  2 frilled lizards (D:1)
  A gnoll zombie (Ossuary)
  2 goblin skeletons (D:3)
  4 goblin zombies
  3 hobgoblin zombies (D:3)
  19 kobolds
  2 kobold zombies (D:3)
  2 orc skeletons (D:3)
  9 rats
266 creatures vanquished.

Vanquished Creatures (others)
  A hound (D:6)
  11 fungi (D:10)
  13 plants
25 creatures vanquished.

Grand Total: 291 creatures vanquished

Notes
Turn   | Place    | Note
-------+----------+-------------------------------------------
     0 | D:5      | robertstho the Minotaur Delver began the quest for the Orb.
     0 | D:5      | Reached XP level 1. HP: 19/19 MP: 0/0
    32 | D:5      | Reached skill level 1 in Armour
   445 | D:5      | Reached XP level 2. HP: 27/27 MP: 1/1
   496 | D:5      | Reached skill level 2 in Armour
   496 | D:5      | Reached XP level 3. HP: 20/35 MP: 2/2
   496 | D:5      | Reached XP level 4. HP: 24/41 MP: 3/3
  1020 | D:3      | Reached skill level 5 in Fighting
  1196 | D:3      | Found a snail-covered altar of Cheibriados.
  1323 | D:3      | Reached skill level 3 in Armour
  1350 | D:3      | Found an opulent altar of Gozag.
  1435 | D:3      | Found a broken altar of Ashenzari.
  1504 | D:3      | Reached XP level 5. HP: 41/48 MP: 4/4
  1636 | D:3      | Found a hazy altar of Hepliaklqana.
  1666 | D:3      | Found a glowing golden altar of the Shining One.
  1690 | D:3      | Became a worshipper of the Shining One
  1993 | D:2      | You fall into a shaft and drop 2 floors!
  2041 | D:4      | Reached XP level 6. HP: 43/57 MP: 5/5
  2069 | D:4      | Reached skill level 4 in Armour
  2069 | D:4      | Reached skill level 1 in Invocations
  2379 | D:4      | Noticed Eustachio
  2408 | D:4      | Killed Eustachio
  2409 | D:4      | Reached XP level 7. HP: 42/63 MP: 5/7
  2765 | D:4      | Found a staircase to the Ecumenical Temple.
  2977 | D:4      | Reached skill level 5 in Axes
  3681 | D:2      | Reached skill level 5 in Armour
  3879 | D:2      | Reached * piety under the Shining One
  4738 | D:1      | Found a faded altar of an unknown god.
  5371 | D:5      | Noticed Blork the orc
  5377 | D:5      | Killed Blork the orc
  5698 | D:5      | Found a glowing silver altar of Zin.
  5924 | D:5      | Reached XP level 8. HP: 68/71 MP: 9/9
  6118 | D:6      | Reached skill level 6 in Armour
  6118 | D:6      | Reached skill level 1 in Shields
  6150 | D:6      | Found a sand-covered staircase.
  6156 | Ossuary  | Entered an ossuary
  6396 | Ossuary  | Reached ** piety under the Shining One
  7063 | D:6      | Reached skill level 7 in Armour
  7257 | D:6      | Found an ancient bone altar of Kikubaaqudgha.
  7296 | D:6      | Reached *** piety under the Shining One
  7360 | D:6      | Reached XP level 9. HP: 75/80 MP: 9/11
  8230 | D:7      | Reached **** piety under the Shining One
  8241 | D:7      | Reached skill level 8 in Armour
  8309 | D:7      | HP: 3/82 [poisoned by a gnoll sergeant]
  8790 | D:7      | Reached skill level 5 in Invocations
  8854 | D:7      | Noticed Pikel
  8867 | D:7      | Killed Pikel
  8868 | D:7      | Reached skill level 9 in Armour
  8868 | D:7      | Reached XP level 10. HP: 53/91 MP: 12/12
  9203 | D:7      | Noticed a five-headed hydra
 10364 | D:8      | Reached ***** piety under the Shining One
 10364 | D:8      | Noticed Grum
 10380 | D:8      | Reached skill level 10 in Armour
 10382 | D:8      | Killed Grum
 10503 | D:8      | Found Gemaodi's Hydra Hut.
 10504 | D:8      | Noticed an eight-headed hydra
 10508 | D:8      | Bought a +0 hand axe of flaming for 96 gold pieces
 10717 | D:7      | Killed a one-headed hydra
 10923 | D:7      | Reached skill level 10 in Fighting
 10934 | D:7      | Noticed Duvessa
 10953 | D:7      | Killed Duvessa
 10953 | D:7      | Noticed Dowan
 10968 | D:7      | Killed Dowan
 11161 | D:7      | Found a bloodstained altar of Trog.
 11431 | D:9      | Noticed a two-headed ogre
 11442 | D:9      | Killed a two-headed ogre
 11443 | D:9      | Reached skill level 5 in Shields
 12394 | D:10     | Entered Level 10 of the Dungeon
 12414 | D:10     | Reached XP level 11. HP: 101/101 MP: 14/14
 12425 | D:10     | Reached skill level 10 in Axes
 12660 | D:10     | Reached skill level 11 in Armour
 12979 | D:10     | Noticed a centaur warrior
 12985 | D:10     | Noticed a tengu warrior
 12985 | D:10     | Noticed a harpy
 12985 | D:10     | Noticed a centaur warrior
 12985 | D:10     | Noticed a deep elf pyromancer
 12987 | D:10     | Slain by a tengu warrior

Illustrated notes

Levels and vault maps discovered:
D:1:      psy_arrival_whirlpool, layout_basic, basic_ecumenical_altar,
          st_stairs_2, minmay_tromino_mix6
D:2:      layout_basic, kennysheep_another_room
D:3:      layout_basic, lemuel_coloured_pillars_altar,
          nicolae_tso_besieged_by_evil, general_overflow_altar,
          marbit_many_paths, amcnicky_altar_gilded, minmay_crystal_water
D:4:      layout_basic, temple_doors_e, uniq_eustachio
D:5:      layout_loops_ring, zin_treasury, serial_co_window_serial,
          co_window_corner_a, co_window_paths_b, co_window_paths_b,
          co_window_of_opportunity_a, co_window_of_opportunity_a,
          co_window_corner_a, co_window_cross_1, co_window_cross_4,
          co_window_2corner, co_window_broadway_b, co_window_2corner,
          co_window_of_opportunity_c, co_window_of_opportunity_b,
          co_window_unsneaky_path_d, glass_columns_c, glass_columns_a,
          glass_columns_a, uniq_blork_the_orc
D:6:      minmay_angry_zag, layout_loops_ring,
          lemuel_mausoleum_altar_kikubaaqudgha, enter_ossuary_3
D:7:      layout_gridville, lightli_temple_of_fire, minmay_joined_circles,
          uniq_pikel, uniq_duvessa
D:8:      layout_loops_cross, hangedman_glass_garden, doesnt_shop_hydraphobe,
          uniq_grum
D:9:      layout_basic, minmay_variable_closet
D:10:     layout_rooms, gammafunk_temple_overflow_arena,
          grunt_lair_entry_orc_guard_hut, hiddenorc2_lemuel, minivault_12

Skill      XL: |  1  2  3  4  5  6  7  8  9 10 11 |
---------------+----------------------------------+-----
Armour         | 1 2 3 4 5 7 9 10 11 | 11.1
Fighting       | 4 5 6 7 9 10 | 10.6
Axes           | 3 4 5 7 8 9 10 | 10.3
Invocations    | 1 2 4 5 6 |  6.6
Dodging        | 3 4 |  4.6
Shields        | 2 3 5 |  5.5
Stealth        | |  4.1
Unarmed Combat | |  0.5

Action                   |  1- 3 |  4- 6 |  7- 9 | 10-12 || total
-------------------------+-------+-------+-------+-------++-------
Melee: Hand axe          |    14 |   134 |   422 |   298 ||   868
       Headbutt          |     5 |    25 |    78 |    80 ||   188
       Unarmed           |       |    11 |       |       ||    11
Invok: Cleansing Flame   |       |       |       |     2 ||     2
Evoke: Wand              |       |       |       |     1 ||     1
  Use: Scroll            |       |     3 |     9 |    13 ||    25
       Potion            |       |       |     3 |     5 ||     8
 Stab: Sleeping          |     1 |     3 |       |       ||     4
Armor: Leather armour    |     4 |     2 |       |       ||     6
       Ring mail         |       |    26 |       |       ||    26
       Scale mail        |       |    11 |   136 |       ||   147
       Skin              |       |     1 |       |     1 ||     2
       Chain mail        |       |       |    47 |   129 ||   176
Dodge: Dodged            |     6 |    83 |   126 |    96 ||   311
Block: Kite shield       |       |       |   137 |   153 ||   290

Table legend: (Time is in decaauts)
 A = Elapsed time spent in this place.
 B = Non-inter-level travel time spent in this place.
 C = Inter-level travel time spent in this place.
 D = Time resting spent in this place.
 E = Time spent auto-exploring this place.
 F = Levels seen in this place.
 G = Mean time per level.
                   A        B        C        D        E       F      G
               +--------+--------+--------+--------+--------+-----+--------+
         Total |  13053 |  12635 |    418 |   1431 |   9196 |  11 | 1186.6 |
       Dungeon |  12480 |  12062 |    418 |   1431 |   8759 |  10 | 1248.0 |
       Ossuary |    573 |    573 |      0 |      0 |    437 |   1 |  573.0 |
               +--------+--------+--------+--------+--------+-----+--------+

Top non-repeatable levels by time:
     D:6: 1826 daAuts
     D:5: 1647 daAuts
     D:4: 1550 daAuts
     D:7: 1538 daAuts
     D:8: 1431 daAuts
     D:2: 1208 daAuts
     D:3: 1060 daAuts
     D:9: 965 daAuts
     D:1: 660 daAuts
    D:10: 591 daAuts
 Ossuary: 573 daAuts
